 Dungeon Crawl Stone Soup version 0.25.0-37-gb73750e (webtiles) character file.

Game seed: 12256620818608456940

262 robertstho the Gusty (level 5, -15/28 HPs)
             Began as a Deep Elf Air Elementalist on July 9, 2020.
             Demolished by an ogre
             ... wielding a +0 giant spiked club
              (23 damage)
             ... on level 4 of the Dungeon.
             The game lasted 00:07:20 (2951 turns).

robertstho the Gusty (Deep Elf Air Elementalist)    Turns: 2951, Time: 00:07:21

Health: -15/28     AC:  2    Str:  5    XL:     5   Next: 97%
Magic:  5/14       EV: 13    Int: 21    God:
Gold:   162        SH:  0    Dex: 21    Spells: 4/14 levels left

rFire    . . .     SeeInvis .   g - +0 dagger
rCold    . . .     Gourm    .   (no shield)
rNeg     . . .     Faith    .   a - +0 robe
rPois    .         Spirit   .   (no helmet)
rElec    .         Reflect  .   (no cloak)
rCorr    .         Harm     .   (no gloves)
MR       .....                  (no boots)
Stlth    +++.......             (no amulet)
HPRegen  0.09/turn              i - +4 ring of slaying
MPRegen  0.14/turn              m - +6 ring of dexterity

@: no status effects
A: no striking features
a: no special abilities


You were on level 4 of the Dungeon.
You were not hungry.

You visited 1 branch of the dungeon, and saw 4 of its levels.

You collected 162 gold pieces.

Inventory:

Hand Weapons
 g - a +0 dagger (weapon)
Missiles
 f - 17 poisoned darts (quivered)
Armour
 a - a +0 robe (worn)
Jewellery
 h - an uncursed amulet of faith {unknown}
 i - a +4 ring of slaying (left hand)
 m - a +6 ring of dexterity (right hand)
 q - an uncursed amulet of regeneration {unknown}
Scrolls
 b - a scroll of amnesia {unknown}
 d - 3 scrolls of enchant armour {unknown}
 e - 3 scrolls of remove curse {unknown}
 j - a scroll of teleportation {unknown}
 o - a scroll of immolation {unknown}
Potions
 k - a potion of berserk rage {unknown}
 l - 2 potions of curing {unknown}
 p - a potion of might {unknown}
Comestibles
 c - 5 rations
 n - a chunk of flesh


   Skills:
 + Level 2.5 Dodging
 * Level 3.2 Stealth
 * Level 5.1 Spellcasting
 + Level 2.3 Conjurations
 * Level 5.2 Air Magic


You had 4 spell levels left.
You knew the following spells:

 Your Spells              Type           Power        Failure   Level  Hunger
a - Shock                 Conj/Air       ###.         2%          1    None
b - Swiftness             Chrm/Air       ###.....     5%          2    None
c - Static Discharge      Conj/Air       ###.....     7%          3    ##.....
d - Airstrike             Air            ####......   12%         4    ####...

Your spell library contained the following spells:

 Spells                   Type           Power        Failure   Level  Hunger
 Lightning Bolt           Conj/Air       ###.......   54%         5    #####..


Dungeon Overview and Level Annotations

Branches:
Dungeon (4/15)
 Temple: D:4-7

Altars:
Cheibriados
Elyvilon
Fedhas
Gozag
Makhleb
Nemelex Xobeh
Ru
Wu Jian
Xom
Yredelemnul
Zin


Message History

Aiming: Shock (safe; 2% risk of failure)
Press: ? - help, Shift-Dir - straight line, p - ogre The zap misses the ogre.
The zap hits the ogre.
The ogre is severely wounded.
Casting: Shock (safe; 2% risk of failure)
Confirm with . or Enter, or press ? or * to list all spells.
Aiming: Shock (safe; 2% risk of failure)
Press: ? - help, Shift-Dir - straight line The zap hits the ogre.
The ogre is almost dead.
The ogre misses you.
Casting: Shock (safe; 2% risk of failure)
Confirm with . or Enter, or press ? or * to list all spells.
Aiming: Shock (safe; 2% risk of failure)
Press: ? - help, Shift-Dir - straight line The zap hits the ogre.
The ogre is almost dead.
The ogre hits you with a +0 giant spiked club!!
Ouch! That really hurt!
You die...

.. .. .. #. #. #. #. #
#.#### #.#### .#
#%@O.# ...... ###.#
####.### ...... #...
#.....#
......###.###..#.###.#
............##.). #.#
##.....#....#...# #.#
#.....#....#%...##.#
#.....##...####..#.#
#......####...##.#.#


You could see an ogre.

Vanquished Creatures
  A hound (D:4)
  2 orc priests (D:3)
  Terence (D:2)
  2 worker ants
  2 adders (D:2)
  3 oozes
  A worm (D:2)
  A dart slug (D:2)
  3 leopard geckos
  4 orcs
  A ball python (D:2)
  6 bats
  6 goblins
  4 hobgoblins
  4 jackals
  5 quokkas
  2 frilled lizards
  7 kobolds
  5 rats
60 creatures vanquished.

Notes
Turn   | Place    | Note
-------+----------+-------------------------------------------
     0 | D:1      | robertstho the Deep Elf Air Elementalist began the quest
                  | for the Orb.
     0 | D:1      | Reached XP level 1. HP: 10/10 MP: 6/6
   222 | D:1      | Reached XP level 2. HP: 15/15 MP: 4/8
   834 | D:2      | Noticed Terence
   862 | D:2      | Killed Terence
   862 | D:2      | Reached XP level 3. HP: 12/19 MP: 0/10
  1172 | D:2      | Reached XP level 4. HP: 24/24 MP: 8/12
  1834 | D:3      | Learned a level 2 spell: Swiftness
  1838 | D:3      | Learned a level 3 spell: Static Discharge
  1843 | D:3      | Learned a level 4 spell: Airstrike
  2088 | D:3      | Found a shimmering altar of Xom.
  2185 | D:3      | Found an opulent altar of Gozag.
  2189 | D:3      | Found a snail-covered altar of Cheibriados.
  2190 | D:3      | Found a sparkling altar of Nemelex Xobeh.
  2190 | D:3      | Found a sacrificial altar of Ru.
  2190 | D:3      | Found an ornate altar of the Wu Jian Council.
  2193 | D:3      | Found a white marble altar of Elyvilon.
  2194 | D:3      | Found a glowing silver altar of Zin.
  2196 | D:3      | Found a burning altar of Makhleb.
  2197 | D:3      | Found a basalt altar of Yredelemnul.
  2562 | D:3      | Reached XP level 5. HP: 28/28 MP: 10/14
  2571 | D:3      | Found a blossoming altar of Fedhas.
  2766 | D:4      | Reached skill level 5 in Spellcasting
  2766 | D:4      | Reached skill level 5 in Air Magic
  2941 | D:4      | Noticed an ogre
  2951 | D:4      | Demolished by an ogre

Illustrated notes

Levels and vault maps discovered:
D:1:      minmay_arrival_four_circles, layout_loops_ring
D:2:      layout_rooms, minmay_close_crescents, uniq_terence
D:3:      layout_loops_ring, brannock_xom_greatest_gift, minitemple,
          minmay_door_square, fedhas_altar_fruit_tree
D:4:      layout_basic, lemuel_doored_altar, minmay_temple_entry_mini_moons,
          first_ration, serial_shops,
          nicolae_shop_temple_entry_statues_fountains, minmay_bent

Skill      XL: |  1  2  3  4  5 |
---------------+----------------+-----
Spellcasting   | 4 5 |  5.1
Air Magic      | 4 5 |  5.2
Conjurations   | 2 |  2.3
Stealth        | 3 |  3.2
Dodging        | |  2.5

Action                   |  1- 3 |  4- 6 || total
-------------------------+-------+-------++-------
Melee: Dagger            |    12 |       ||    12
 Cast: Shock             |    65 |    80 ||   145
       Static Discharge  |       |     5 ||     5
  Eat: Chunk             |     1 |     5 ||     6
Armor: Robe              |     5 |     3 ||     8
Dodge: Dodged            |    11 |    14 ||    25
